 Dungeon Crawl Stone Soup version 0.27-a0-604-g29a88b33a7 (webtiles) character file.

Game seed: 6126392386715514275

1439 srzhan31 the Conjurer (level 8, -9/44 HPs)
             Began as a Gargoyle Conjurer on Mar 13, 2021.
             Shot with a bolt by an orc warrior (16 damage)
             ... in a bailey.
             The game lasted 00:14:49 (7369 turns).

srzhan31 the Conjurer (Gargoyle Conjurer)           Turns: 7369, Time: 00:14:49

Health: -9/44      AC: 12    Str: 16    XL:     8   Next: 74%
Magic:  13/15      EV: 12    Int: 22    God:
Gold:   276        SH:  0    Dex:  8    Spells: 13/16 levels left

rFire    . . .     SeeInvis .   u - +0 hand crossbow
rCold    . . .     Faith    .   (no shield)
rNeg     + . .     Spirit   .   a - +0 robe
rPois    ∞         Reflect  .   t - +0 helmet
rElec    +         Harm     .   j - +0 cloak
rCorr    .         Rampage  .   z - +0 pair of gloves
Will     .....                  s - +0 pair of boots
Stlth    ++........             (no amulet)
HPRegen  0.14/turn              k - +6 ring of strength
MPRegen  0.14/turn              (no ring)

@: no status effects
A: negative energy resistance 1, electricity resistance, torment resistance 1,
unbreathing 1, petrification resistance, AC +5
a: no special abilities


You were in a bailey.
You visited 1 branch of the dungeon, and saw 7 of its levels.
You also visited: Bailey.

You collected 338 gold pieces.
You spent 62 gold pieces at shops.

Inventory:

Hand Weapons
 e - a +2 short sword of protection
 u - a +0 hand crossbow (weapon)
 A - a +3 halberd of freezing
Missiles
 C - 24 bolts (quivered ammo)
Armour
 a - a +0 robe (worn)
 j - a +0 cloak (worn)
 s - a +0 pair of boots (worn)
 t - a +0 helmet (worn)
 z - a +0 pair of gloves (worn)
Jewellery
 k - a +6 ring of strength (right hand)
 y - a ring of positive energy
Wands
 n - a wand of polymorph (6)
 r - a wand of paralysis (21)
 x - a wand of flame (16)
 E - a wand of mindburst (16)
Scrolls
 c - 4 scrolls of amnesia {unknown}
 d - 2 scrolls of enchant armour {unknown}
 f - 3 scrolls of enchant weapon {unknown}
 h - a scroll of teleportation {unknown}
 m - a scroll of blinking {unknown}
 o - 2 scrolls of fear {unknown}
 p - 5 scrolls of identify {unknown}
 q - 2 scrolls of magic mapping {unknown}
 w - a scroll of vulnerability {unknown}
 B - a scroll of holy word {unknown}
Potions
 b - 4 potions of heal wounds {unknown}
 g - 3 potions of brilliance {unknown}
 i - 3 potions of curing {unknown}
 l - 2 potions of flight {unknown}
 v - a potion of degeneration {unknown}
 D - a potion of attraction {unknown}


   Skills:
 + Level 1.9 Fighting
 * Level 4.6 Armour
 * Level 3.5 Dodging
 - Level 2.2 Stealth
 * Level 3.5 Shields
 * Level 4.9 Spellcasting
 * Level 7.7 Conjurations


You had 13 spell levels left.
You knew the following spells:

 Your Spells              Type           Power      Damage    Failure   Level
a - Magic Dart            Conj           100%       1d8       1%          1
b - Searing Ray           Conj           78%        3d6       1%          2

Your spell library contained the following spells:

 Spells                   Type           Power      Damage    Failure   Level
 Dazzling Flash           Conj/Hex       44%        N/A       6%          3
 Fulminant Prism          Conj/Hex       11%        3d9       21%         4
 Iskenderun's Mystic Bla  Conj/Tloc      22%        2d6       21%         4


Dungeon Overview and Level Annotations

Branches:
Dungeon (7/15)             Bailey (1/1)
 Temple: D:4-7

Altars:
Elyvilon
Hepliaklqana
Kikubaaqudgha
Makhleb
Qazlal
Ru
Trog
Wu Jian
Zin

Shops:
D:6 (


Innate Abilities, Weirdness & Mutations

Your stone body is resilient. (AC +5)
You are immune to poison.
You resist negative energy. (rN+)
You are resistant to electric shocks. (rElec)
You are resistant to unholy torment.
You can survive without breathing.
You are immune to petrification.


Message History

There is an empty arch of ancient stone here.
An orc comes into view. It is wielding a +0 arbalest.
The orc shouts!
You hear a shout!
The orc shoots a bolt.
The bolt hits you but does no damage.
An orc comes into view. It is wielding a +0 arbalest.
The orc shoots a bolt.
The bolt hits you but does no damage.
The orc shoots a bolt.
The bolt hits you.
An orc warrior comes into view. It is wielding a +0 arbalest.
The orc warrior shouts!
The orc shoots a bolt.
The bolt closely misses you.
An orc warrior comes into view. It is wielding a +6 arbalest.
You hear a shout!
The orc shoots a bolt.
The bolt hits you but does no damage.
Found a gate leading back out of this place.
The orc warrior shoots a bolt.
The bolt hits you!
The orc disappears!
The orc reappears nearby!
Casting: Searing Ray (safe; 1% risk of failure)
Confirm with . or Enter, or press ? or * to list all spells.
Aiming: Searing Ray (safe; 1% risk of failure)
Press: ? - help, Shift-Dir - straight line, f - orc
Aim: an orc, wielding a +0 arbalest, wearing a +0 scale mail and quivering bolts (wandering, hasn't noticed you, 17% to evade)
Okay, then.
The orc warrior shoots a bolt.
The bolt closely misses you.
The orc warrior shoots a bolt.
The bolt misses you.
The orc shoots a bolt.
The bolt misses you.
The orc warrior shoots a bolt.
The bolt hits you.
Casting: Searing Ray (safe; 1% risk of failure)
Confirm with . or Enter, or press ? or * to list all spells.
Aiming: Searing Ray (safe; 1% risk of failure)
Press: ? - help, Shift-Dir - straight line, f - orc
Aim: an orc, wielding a +0 arbalest, wearing a +0 scale mail and quivering bolts (17% to evade)
The searing ray hits the orc!
You kill the orc! (Press . to maintain the ray.)
The orc warrior shoots a bolt.
The bolt closely misses you.
The orc warrior shoots a bolt.
The bolt hits you!!
Ouch! That really hurt!
* * * LOW HITPOINT WARNING * * *
The orc warrior shoots a bolt.
The bolt hits you!
You die...

≈≈≈≈##o##≈......#
≈≈≈≈≈≈≈≈≈≈≈≈#o#≈≈......#
≈≈≈≈≈≈≈≈≈≈≈≈≈≈≈≈≈......#
.......................#
.......................#
.......................#
.............).........#
.....................∩.#
.......@..............∩#
########################


You could see an orc warrior.

Vanquished Creatures
  A sky beast (D:5)
  4 ogres
  Blork the orc (D:6)
  2 bullfrogs (D:6)
  A scorpion (D:5)
  3 howler monkeys
  A hound (D:5)
  A centaur skeleton (D:4)
  A jelly (D:2)
  3 bullfrog skeletons
  Ijyb (D:3)
  6 orc wizards
  3 worker ants
  6 adders
  2 white imps
  2 ufetubi
  An ooze (D:3)
  3 adder skeletons (D:4)
  2 worms
  The ghost of GoldenjunoSP the Sneak, a weakling FoDe (D:5)
  7 leopard geckos
  31 orcs
  11 bats
  6 giant cockroaches
  6 goblins
  5 hobgoblins
  7 jackals
  7 kobolds
  3 quokkas
  A ball python (D:2)
  8 frilled lizards
  A jackal skeleton (D:6)
  A leopard gecko skeleton (D:5)
  9 rats
148 creatures vanquished.

Notes
Turn   | Place    | Note
-------+----------+-------------------------------------------
     0 | D:1      | srzhan31 the Gargoyle Conjurer began the quest for the Orb.
     0 | D:1      | Reached XP level 1. HP: 10/10 MP: 3/3
   169 | D:1      | Reached XP level 2. HP: 15/15 MP: 0/5
   172 | D:1      | Learned a level 2 spell: Searing Ray
   343 | D:1      | Reached skill level 5 in Conjurations
   699 | D:1      | Reached XP level 3. HP: 17/19 MP: 1/6
  1579 | D:2      | Reached XP level 4. HP: 22/24 MP: 0/7
  2094 | D:2      | Reached skill level 1 in Armour
  2094 | D:2      | Reached skill level 1 in Shields
  2604 | D:2      | Found a bloodstained altar of Trog.
  2884 | D:3      | Reached XP level 5. HP: 27/28 MP: 3/8
  3156 | D:3      | Found an ancient bone altar of Kikubaaqudgha.
  3200 | D:3      | Found a transporter.
  3212 | D:3      | Found a transporter.
  3225 | D:3      | Found a hazy altar of Hepliaklqana.
  3226 | D:3      | Found a sacrificial altar of Ru.
  3233 | D:3      | Found a burning altar of Makhleb.
  3782 | D:3      | Noticed Ijyb
  3788 | D:3      | Killed Ijyb
  3789 | D:3      | Reached XP level 6. HP: 32/32 MP: 4/10
  4176 | D:4      | Reached skill level 6 in Conjurations
  4432 | D:4      | Found an ornate altar of the Wu Jian Council.
  4465 | D:4      | Reached XP level 7. HP: 36/36 MP: 2/12
  4748 | D:4      | Found a stormy altar of Qazlal.
  4965 | D:5      | Entered Level 5 of the Dungeon
  4975 | D:5      | Found a runed translucent gate.
  4976 | D:5      | Found a runed translucent gate.
  4976 | D:5      | Found a runed translucent gate.
  4993 | D:5      | Noticed GoldenjunoSP's ghost (weakling FoDe)
  5419 | D:5      | Found a glowing silver altar of Zin.
  5872 | D:5      | Reached XP level 8. HP: 41/41 MP: 9/14
  6038 | D:5      | Reached skill level 7 in Conjurations
  6038 | D:5      | Killed GoldenjunoSP's ghost
  6115 | D:6      | Noticed Blork the orc
  6121 | D:6      | Killed Blork the orc
  6869 | D:6      | Found Vujof's Weapon Shop.
  6883 | D:6      | Bought 24 bolts for 62 gold pieces
  6926 | D:6      | Reached skill level 1 in Fighting
  7104 | D:6      | Found a white marble altar of Elyvilon.
  7339 | D:7      | Found a flagged portal.
  7349 | Bailey   | Entered a bailey
  7369 | Bailey   | Shot with a bolt by an orc warrior

Illustrated notes

Levels and vault maps discovered:
D:1:      enne_arrival_octagon_isle, layout_basic, chequers_serial_rivers_room_a
D:2:      kennysheep_big_flooded_room, layout_basic, minmay_misc_feat_hallway,
          trog_butcher_becter
D:3:      layout_basic, gammafunk_temple_overflow_arena,
          kiku_gazebo_pond_becter, uniq_ijyb
D:4:      layout_rooms, nicolae_qazlal_eye_of_the_storm,
          nicolae_wu_jian_wuxing_cycle
D:5:      layout_basic, lemuel_coloured_pillars_altar, gammafunk_ghost_split,
          minmay_misc_feat_cross
D:6:      layout_gridville, elyvilon_altar_1, serial_shops,
          nicolae_shop_statue_plus, hangedman_decor_peaks_small,
          small_statue_intersection, uniq_blork_the_orc
D:7:      layout_gridville, minmay_temple_entry_sparse_star, enter_bailey_2,
          uniq_pikel
Bailey:   bailey_polearm_2, bailey

Skill      XL: |  1  2  3  4  5  6  7  8 |
---------------+-------------------------+-----
Conjurations   | 5 6 7 |  7.7
Armour         | 1 2 3 4 |  4.6
Shields        | 1 2 3 |  3.5
Dodging        | 2 3 |  3.5
Spellcasting   | 3 4 |  4.9
Fighting       | 1 |  1.9
Stealth        | |  2.2

Action                   |  1- 3 |  4- 6 |  7- 9 || total
-------------------------+-------+-------+-------++-------
Melee: Unarmed           |     1 |       |       ||     1
       Short sword       |     1 |     7 |     6 ||    14
 Cast: Magic Dart        |    12 |     2 |       ||    14
       Searing Ray       |    31 |    53 |    42 ||   126
Armor: Robe              |     3 |    29 |    19 ||    51
Dodge: Dodged            |    13 |    48 |    26 ||    87

Table legend: (Time is in decaauts)
 A = Elapsed time spent in this place.
 B = Non-inter-level travel time spent in this place.
 C = Inter-level travel time spent in this place.
 D = Time resting spent in this place.
 E = Time spent auto-exploring this place.
 F = Levels seen in this place.
 G = Mean time per level.
                   A        B        C        D        E       F      G
               +--------+--------+--------+--------+--------+-----+--------+
         Total |   7369 |   7278 |     91 |      0 |   6069 |   8 |  921.1 |
       Dungeon |   7349 |   7258 |     91 |      0 |   6069 |   7 | 1049.9 |
        Bailey |     19 |     19 |      0 |      0 |      0 |   1 |   19.0 |
               +--------+--------+--------+--------+--------+-----+--------+

Top non-repeatable levels by time:
     D:2: 1371 daAuts
     D:1: 1368 daAuts
     D:3: 1286 daAuts
     D:6: 1224 daAuts
     D:5: 1148 daAuts
     D:4: 940 daAuts
  Bailey: 19 daAuts
     D:7: 9 daAuts
